Devils vs Flyers

Created - April 14, 2024 at 23:24

Goals
1 2 3 T
Devils 0 0 0 0
Flyers 1 1 2 4
Shots
1 2 3 T
Devils 3 4 8 15
Flyers 13 12 7 32

GoalsPenalties
1st period
1. Flyers , Sam Lafferty 1 (Victor Hedman 1, Alex Pietrangelo 4) at 5:14
No Penalty
2nd period
2. Flyers , Victor Hedman 1 (Jake DeBrusk 2, William Nylander 3) at 17:32 (PP)
Nino Niederreiter (NJD) for Slashing (Minor) at 16:45
Ryan Graves (NJD) for Holding (Minor) at 18:00
3rd period
3. Flyers , Jared McCann 2 (Johnny Gaudreau 2, Aaron Ekblad 7) at 1:30 (PP)
4. Flyers , Chris Tanev 1 (Jake DeBrusk 3, Aaron Ekblad 8) at 4:41
Dougie Hamilton (NJD) for Holding (Minor) at 0:16
Goalie Stats
Andrei Vasilevskiy (NJD), 28 saves from 32 shots - (0.875), L, 2-3-0, 60:00 minutes
Linus Ullmark (PHI), 15 saves from 15 shots - (1.000), W, 4-2-1, 60:00 minutes
3 StarsOfficial
1 - Victor Hedman (PHI)
2 - Aaron Ekblad (PHI)
3 - Jared McCann (PHI)
Referees : Kelly Sutherland and Brandon Blandina
Linesman : Brent Colby and Robb Harrell
Game Note
Vince Dunn is injured at 15:24 of 1st period (Right Knee)
Finance
Level 1 -- Attendance: 6500 (100.00%) -- Ticket Income $682,500
Level 2 -- Attendance: 5000 (100.00%) -- Ticket Income $375,000
Level 3 -- Attendance: 3500 (100.00%) -- Ticket Income $192,500
Level 4 -- Attendance: 1565 (100.00%) -- Ticket Income $62,600
Luxury Box -- Attendance: 1000 (100.00%) -- Ticket Income $199,000
Game was played at the Wells Fargo Center.
Total Attendance: 17565 (100.00%)
Total Ticket Income: $1,511,600
Other Income: $377,900
Total Income: $1,889,500



Team Name Goals Shots Shots Attemp Shots Blocked PIM HIT PP PK FO%
Devils 0154196190 / 0 (0.00%243%
Flyers 43271150182 / 3 (67%)057%

Devils
Player Name POS G A P +/- PIM HIT SHT SB MP PP MP PP SHT PK MP PK SHT FO% FOT
Alexander WennbergC0000012018:530:0002:43039% 18
Brian DumoulinD000-1020219:580:0002:1500% 0
Chris KreiderLW000-2014016:560:0000:0000% 0
Conor ShearyLW000000107:300:0000:5200% 0
Damon SeversonD000-1000320:490:0001:4500% 0
Dougie HamiltonD0000230120:130:0001:0100% 0
Dylan CozensC000-2002016:560:0000:00067% 3
Erik GustafssonD000-1020119:280:0001:4500% 0
Evgeni MalkinC0000002016:160:0000:00038% 16
Mathieu JosephRW0000011019:240:0003:0800% 1
Matt BoldyLW0000001016:160:0000:0000% 1
Michael McCarronRW000002007:300:0000:52043% 7
Mikhail SergachevD000-1040119:390:0000:0000% 0
Nino NiederreiterRW0000200016:090:0000:0000% 0
Ryan GravesD0000221119:510:0001:1400% 0
Sam ReinhartC000-2000017:210:0000:25053% 19
Travis KonecnyRW0000001016:100:0000:00033% 3
Trevor LewisC000001006:380:0000:0000% 0
Flyers
Player Name POS G A P +/- PIM HIT SHT SB MP PP MP PP SHT PK MP PK SHT FO% FOT
Aaron EkbladD0221021321:291:3200:0000% 0
Alex PietrangeloD0111040526:441:3200:0000% 0
Brandon TanevLW0000001011:120:0000:0000% 0
Calle JarnkrokC0000001011:120:0000:00070% 10
Chris TanevD1011002021:370:0000:0000% 0
Dante FabbroD0000010117:510:0000:0000% 0
Eetu LuostarinenC000100107:450:0000:00054% 13
Eric StaalC000100307:450:0000:0000% 0
Jake DeBruskLW0221014119:222:2810:000100% 1
Jared McCannLW1011035018:261:3210:0000% 0
Joel FarabeeLW0000000013:402:2800:0000% 0
Johnny GaudreauLW0110010021:411:3200:0000% 0
Mika ZibanejadC0000013021:411:3200:00065% 23
Robert ThomasC0001003019:222:2800:00040% 20
Sam LaffertyC101102108:050:0000:000100% 1
Victor HedmanD1121032424:192:2810:0000% 0
Vince DunnD000000115:120:0000:0000% 0
William NylanderRW0110004022:372:2810:0000% 0



Play-by-Play

1st period


0:01 of 1st period - Mika Zibanejad wins face-off versus Dylan Cozens in neutral zone.
0:20 of 1st period - Shot by Damon Severson.
0:20 of 1st period - Deflect By Dylan Cozens.
0:20 of 1st period - Shot Blocked by Alex Pietrangelo.
1:35 of 1st period - Shot by Jared McCann.
1:35 of 1st period - Shot Misses the Net.
2:02 of 1st period - Icing by Jared McCann.
2:03 of 1st period - Evgeni Malkin wins face-off versus Robert Thomas in Flyers zone.
2:23 of 1st period - Shot by Evgeni Malkin.
2:23 of 1st period - Shot Blocked by Dante Fabbro.
2:26 of 1st period - Icing by Chris Tanev.
2:27 of 1st period - Michael McCarron wins face-off versus Calle Jarnkrok in Flyers zone.
3:32 of 1st period - Shot by William Nylander.
3:32 of 1st period - Stopped by Andrei Vasilevskiy without a rebound.
3:33 of 1st period - Eetu Luostarinen wins face-off versus Alexander Wennberg in Devils zone.
3:47 of 1st period - Shot by Eric Staal.
3:47 of 1st period - Stopped by Andrei Vasilevskiy without a rebound.
3:48 of 1st period - Mika Zibanejad wins face-off versus Mathieu Joseph in Devils zone.
3:59 of 1st period - Shot by Johnny Gaudreau.
3:59 of 1st period - Shot Misses the Net.
4:13 of 1st period - Shot by William Nylander.
4:13 of 1st period - Shot Hit the Post.
4:23 of 1st period - Shot by Mika Zibanejad.
4:23 of 1st period - Shot Misses the Net.
4:32 of 1st period - William Nylander is hit by Ryan Graves and loses puck.
5:00 of 1st period - Icing by Victor Hedman.
5:01 of 1st period - Sam Reinhart wins face-off versus Eetu Luostarinen in Flyers zone.
5:14 of 1st period - Shot by Sam Lafferty.
5:14 of 1st period - Goal by Sam Lafferty - Devils : 0 - Flyers : 1.
5:15 of 1st period - Alexander Wennberg wins face-off versus Robert Thomas in neutral zone.
5:17 of 1st period - Off-side.
5:18 of 1st period - Alexander Wennberg wins face-off versus Robert Thomas in neutral zone.
5:51 of 1st period - Shot by Robert Thomas.
5:51 of 1st period - Stopped by Andrei Vasilevskiy without a rebound.
5:52 of 1st period - Sam Reinhart wins face-off versus Mika Zibanejad in Devils zone.
6:20 of 1st period - Icing by Alex Pietrangelo.
6:21 of 1st period - Mika Zibanejad wins face-off versus Evgeni Malkin in Flyers zone.
7:02 of 1st period - Shot by Mathieu Joseph.
7:02 of 1st period - Deflect By Evgeni Malkin.
7:02 of 1st period - Shot Blocked by Victor Hedman.
7:04 of 1st period - Shot by Brian Dumoulin.
7:04 of 1st period - Shot Misses the Net.
7:06 of 1st period - Shot by Evgeni Malkin.
7:06 of 1st period - Shot Misses the Net.
7:29 of 1st period - Joel Farabee is hit by Dougie Hamilton and loses puck.
8:01 of 1st period - Icing by Ryan Graves.
8:02 of 1st period - Robert Thomas wins face-off versus Sam Reinhart in Devils zone.
8:14 of 1st period - Shot by Robert Thomas.
8:14 of 1st period - Shot Misses the Net.
8:37 of 1st period - Shot by Jared McCann.
8:37 of 1st period - Stopped by Andrei Vasilevskiy with a rebound.
8:39 of 1st period - Shot by Jake DeBrusk.
8:39 of 1st period - Stopped by Andrei Vasilevskiy without a rebound.
8:40 of 1st period - Eetu Luostarinen wins face-off versus Alexander Wennberg in Devils zone.
8:43 of 1st period - Shot by Sam Lafferty.
8:43 of 1st period - Shot Misses the Net.
8:51 of 1st period - Shot by Eetu Luostarinen.
8:51 of 1st period - Stopped by Andrei Vasilevskiy without a rebound.
8:52 of 1st period - Calle Jarnkrok wins face-off versus Evgeni Malkin in Devils zone.
9:24 of 1st period - Matt Boldy is hit by Victor Hedman and loses puck.
9:27 of 1st period - Shot by Matt Boldy.
9:27 of 1st period - Deflect By Evgeni Malkin.
9:27 of 1st period - Shot Misses the Net.
9:34 of 1st period - Shot by Mathieu Joseph.
9:34 of 1st period - Stopped by Linus Ullmark with a rebound.
9:36 of 1st period - Shot by Evgeni Malkin.
9:36 of 1st period - Shot Misses the Net.
9:58 of 1st period - Shot by Mikhail Sergachev.
9:58 of 1st period - Shot Blocked by Aaron Ekblad.
10:13 of 1st period - Icing by Damon Severson.
10:14 of 1st period - Robert Thomas wins face-off versus Alexander Wennberg in Devils zone.
10:16 of 1st period - Jared McCann is hit by Mikhail Sergachev and loses puck.
10:31 of 1st period - Shot by Alexander Wennberg.
10:31 of 1st period - Shot Misses the Net.
10:49 of 1st period - Shot by Jared McCann.
10:49 of 1st period - Stopped by Andrei Vasilevskiy with a rebound.
11:26 of 1st period - Conor Sheary is hit by Aaron Ekblad and loses puck.
11:51 of 1st period - Shot by Mika Zibanejad.
11:51 of 1st period - Stopped by Andrei Vasilevskiy with a rebound.
11:53 of 1st period - Shot by Vince Dunn.
11:53 of 1st period - Stopped by Andrei Vasilevskiy with a rebound.
11:55 of 1st period - Shot by Aaron Ekblad.
11:55 of 1st period - Stopped by Andrei Vasilevskiy without a rebound.
11:56 of 1st period - Evgeni Malkin wins face-off versus Eetu Luostarinen in Devils zone.
11:56 of 1st period - Erik Gustafsson is hit by Sam Lafferty and loses puck.
12:07 of 1st period - Shot by Alex Pietrangelo.
12:07 of 1st period - Deflect By Eric Staal.
12:07 of 1st period - Shot Blocked by Brian Dumoulin.
12:34 of 1st period - Shot by Eric Staal.
12:34 of 1st period - Stopped by Andrei Vasilevskiy without a rebound.
12:35 of 1st period - Sam Reinhart wins face-off versus Robert Thomas in Devils zone.
12:48 of 1st period - Robert Thomas is hit by Chris Kreider and loses puck.
14:09 of 1st period - Shot by Johnny Gaudreau.
14:09 of 1st period - Shot Blocked by Ryan Graves.
15:24 of 1st period - Shot by Conor Sheary.
15:24 of 1st period - Shot Blocked by Vince Dunn.
15:24 of 1st period - Vince Dunn from Flyers is injured at 15:24 of 1st period (Right Knee).
15:25 of 1st period - Sam Reinhart wins face-off versus Eetu Luostarinen in Flyers zone.
15:26 of 1st period - Shot by Dylan Cozens.
15:26 of 1st period - Shot Misses the Net.
15:28 of 1st period - Shot by Ryan Graves.
15:28 of 1st period - Stopped by Linus Ullmark without a rebound.
15:29 of 1st period - Travis Konecny wins face-off versus Robert Thomas in Flyers zone.
15:45 of 1st period - Robert Thomas is hit by Mikhail Sergachev.
16:09 of 1st period - Jared McCann is hit by Alexander Wennberg and loses puck.
16:28 of 1st period - Shot by Dylan Cozens.
16:28 of 1st period - Stopped by Linus Ullmark without a rebound.
16:29 of 1st period - Mika Zibanejad wins face-off versus Evgeni Malkin in Flyers zone.
17:35 of 1st period - Off-side.
17:36 of 1st period - Calle Jarnkrok wins face-off versus Sam Reinhart in neutral zone.
18:24 of 1st period - Sam Reinhart is hit by Jared McCann and loses puck.
18:33 of 1st period - Shot by Jared McCann.
18:33 of 1st period - Shot Blocked by Dougie Hamilton.
18:35 of 1st period - Shot by Jared McCann.
18:35 of 1st period - Shot Misses the Net.
18:37 of 1st period - Shot by Robert Thomas.
18:37 of 1st period - Stopped by Andrei Vasilevskiy without a rebound.
18:38 of 1st period - Mika Zibanejad wins face-off versus Alexander Wennberg in Devils zone.
Goals for this period are 0 for Devils vs 1 for Flyers.
Shots for this period are 3 for Devils vs 13 for Flyers.

2nd period


0:01 of 2nd period - Mika Zibanejad wins face-off versus Sam Reinhart in neutral zone.
0:22 of 2nd period - Shot by Chris Kreider.
0:22 of 2nd period - Stopped by Linus Ullmark without a rebound.
0:23 of 2nd period - Alexander Wennberg wins face-off versus Robert Thomas in Flyers zone.
0:42 of 2nd period - Shot by Alexander Wennberg.
0:42 of 2nd period - Stopped by Linus Ullmark without a rebound.
0:43 of 2nd period - Sam Reinhart wins face-off versus Mika Zibanejad in Flyers zone.
0:43 of 2nd period - Sam Reinhart is hit by Alex Pietrangelo.
0:55 of 2nd period - Icing by Johnny Gaudreau.
0:56 of 2nd period - Mika Zibanejad wins face-off versus Evgeni Malkin in Flyers zone.
1:00 of 2nd period - Off-side.
1:01 of 2nd period - Mika Zibanejad wins face-off versus Sam Reinhart in neutral zone.
1:47 of 2nd period - Johnny Gaudreau is hit by Brian Dumoulin and loses puck.
2:06 of 2nd period - Off-side.
2:07 of 2nd period - Eetu Luostarinen wins face-off versus Alexander Wennberg in neutral zone.
2:10 of 2nd period - Damon Severson is hit by Sam Lafferty.
2:16 of 2nd period - Shot by Travis Konecny.
2:16 of 2nd period - Shot Blocked by Aaron Ekblad.
2:21 of 2nd period - Aaron Ekblad is hit by Mikhail Sergachev.
2:37 of 2nd period - Shot by Chris Tanev.
2:37 of 2nd period - Shot Misses the Net.
2:39 of 2nd period - Shot by Eetu Luostarinen.
2:39 of 2nd period - Shot Misses the Net.
3:03 of 2nd period - Mikhail Sergachev is hit by Jared McCann and loses puck.
3:32 of 2nd period - Icing by Jared McCann.
3:33 of 2nd period - Robert Thomas wins face-off versus Evgeni Malkin in Flyers zone.
3:42 of 2nd period - Shot by Jake DeBrusk.
3:42 of 2nd period - Stopped by Andrei Vasilevskiy with a rebound.
3:44 of 2nd period - Shot by Jake DeBrusk.
3:44 of 2nd period - Deflect By Robert Thomas.
3:44 of 2nd period - Stopped by Andrei Vasilevskiy without a rebound.
3:45 of 2nd period - Mika Zibanejad wins face-off versus Michael McCarron in Devils zone.
3:45 of 2nd period - William Nylander is hit by Brian Dumoulin and loses puck.
4:29 of 2nd period - Chris Tanev is hit by Michael McCarron and loses puck.
4:44 of 2nd period - Mika Zibanejad is hit by Michael McCarron and loses puck.
5:35 of 2nd period - Shot by Calle Jarnkrok.
5:35 of 2nd period - Stopped by Andrei Vasilevskiy without a rebound.
5:36 of 2nd period - Sam Reinhart wins face-off versus Robert Thomas in Devils zone.
5:50 of 2nd period - Shot by Jared McCann.
5:50 of 2nd period - Shot Misses the Net.
5:52 of 2nd period - Shot by Robert Thomas.
5:52 of 2nd period - Deflect By Jared McCann.
5:52 of 2nd period - Shot Misses the Net.
5:54 of 2nd period - Shot by Victor Hedman.
5:54 of 2nd period - Stopped by Andrei Vasilevskiy with a rebound.
5:56 of 2nd period - Shot by Jared McCann.
5:56 of 2nd period - Shot Misses the Net.
6:02 of 2nd period - Shot by Jared McCann.
6:02 of 2nd period - Stopped by Andrei Vasilevskiy with a rebound.
6:04 of 2nd period - Shot by Jared McCann.
6:04 of 2nd period - Stopped by Andrei Vasilevskiy with a rebound.
6:06 of 2nd period - Shot by Jake DeBrusk.
6:06 of 2nd period - Shot Blocked by Damon Severson.
6:37 of 2nd period - Off-side.
6:38 of 2nd period - Calle Jarnkrok wins face-off versus Evgeni Malkin in neutral zone.
7:23 of 2nd period - Shot by Mathieu Joseph.
7:23 of 2nd period - Shot Misses the Net.
7:55 of 2nd period - Shot by Mika Zibanejad.
7:55 of 2nd period - Shot Blocked by Brian Dumoulin.
8:08 of 2nd period - Off-side.
8:09 of 2nd period - Robert Thomas wins face-off versus Sam Reinhart in neutral zone.
8:11 of 2nd period - Alex Pietrangelo is hit by Mikhail Sergachev and loses puck.
8:30 of 2nd period - Shot by Sam Reinhart.
8:30 of 2nd period - Shot Blocked by Alex Pietrangelo.
8:47 of 2nd period - Chris Kreider is hit by Alex Pietrangelo and loses puck.
9:06 of 2nd period - Shot by Conor Sheary.
9:06 of 2nd period - Stopped by Linus Ullmark without a rebound.
9:07 of 2nd period - Mika Zibanejad wins face-off versus Evgeni Malkin in Flyers zone.
9:23 of 2nd period - Evgeni Malkin is hit by Mika Zibanejad and loses puck.
10:01 of 2nd period - Icing by Mathieu Joseph.
10:02 of 2nd period - Evgeni Malkin wins face-off versus Calle Jarnkrok in Devils zone.
10:14 of 2nd period - Shot by Calle Jarnkrok.
10:14 of 2nd period - Shot Misses the Net.
10:16 of 2nd period - Shot by Aaron Ekblad.
10:16 of 2nd period - Shot Misses the Net.
10:24 of 2nd period - Shot by Calle Jarnkrok.
10:24 of 2nd period - Shot Misses the Net.
10:26 of 2nd period - Shot by Calle Jarnkrok.
10:26 of 2nd period - Shot Misses the Net.
10:28 of 2nd period - Shot by Chris Tanev.
10:28 of 2nd period - Stopped by Andrei Vasilevskiy without a rebound.
10:29 of 2nd period - Alexander Wennberg wins face-off versus Robert Thomas in Devils zone.
10:36 of 2nd period - Brian Dumoulin is hit by Jake DeBrusk and loses puck.
10:47 of 2nd period - Off-side.
10:48 of 2nd period - Sam Reinhart wins face-off versus Mika Zibanejad in neutral zone.
12:09 of 2nd period - Shot by Alexander Wennberg.
12:09 of 2nd period - Stopped by Linus Ullmark without a rebound.
12:10 of 2nd period - Evgeni Malkin wins face-off versus Eetu Luostarinen in Flyers zone.
12:35 of 2nd period - Shot by Eetu Luostarinen.
12:35 of 2nd period - Shot Misses the Net.
13:16 of 2nd period - Brian Dumoulin is hit by Alex Pietrangelo and loses puck.
13:45 of 2nd period - Shot by Travis Konecny.
13:45 of 2nd period - Shot Blocked by Victor Hedman.
14:08 of 2nd period - Icing by Mika Zibanejad.
14:09 of 2nd period - Dylan Cozens wins face-off versus Mika Zibanejad in Flyers zone.
14:20 of 2nd period - Shot by William Nylander.
14:20 of 2nd period - Shot Blocked by Damon Severson.
14:22 of 2nd period - Shot by Mika Zibanejad.
14:22 of 2nd period - Stopped by Andrei Vasilevskiy without a rebound.
14:23 of 2nd period - Michael McCarron wins face-off versus Calle Jarnkrok in Devils zone.
15:02 of 2nd period - Shot by Trevor Lewis.
15:02 of 2nd period - Shot Blocked by Aaron Ekblad.
15:40 of 2nd period - Shot by Dylan Cozens.
15:40 of 2nd period - Shot Blocked by Alex Pietrangelo.
15:59 of 2nd period - Icing by William Nylander.
16:00 of 2nd period - Alexander Wennberg wins face-off versus Mika Zibanejad in Flyers zone.
16:00 of 2nd period - Brian Dumoulin is hit by Victor Hedman.
16:28 of 2nd period - Icing by Alexander Wennberg.
16:29 of 2nd period - Robert Thomas wins face-off versus Travis Konecny in Devils zone.
16:45 of 2nd period - Minor Penalty to Nino Niederreiter for Slashing.
16:46 of 2nd period - Jake DeBrusk wins face-off versus Alexander Wennberg in Devils zone.
16:53 of 2nd period - Shot by Jake DeBrusk.
16:53 of 2nd period - Stopped by Andrei Vasilevskiy with a rebound.
17:16 of 2nd period - Icing by Joel Farabee.
17:17 of 2nd period - Robert Thomas wins face-off versus Alexander Wennberg in Flyers zone.
17:30 of 2nd period - Shot by William Nylander.
17:30 of 2nd period - Deflect By Jake DeBrusk.
17:30 of 2nd period - Shot Misses the Net.
17:32 of 2nd period - Shot by Victor Hedman.
17:32 of 2nd period - Goal by Victor Hedman - Devils : 0 - Flyers : 2.
17:33 of 2nd period - Eetu Luostarinen wins face-off versus Sam Reinhart in neutral zone.
17:44 of 2nd period - Shot by Eric Staal.
17:44 of 2nd period - Stopped by Andrei Vasilevskiy without a rebound.
17:45 of 2nd period - Michael McCarron wins face-off versus Eetu Luostarinen in Devils zone.
17:54 of 2nd period - Aaron Ekblad is hit by Trevor Lewis and loses puck.
17:58 of 2nd period - Eric Staal is hit by Dougie Hamilton and loses puck.
18:00 of 2nd period - Minor Penalty to Ryan Graves for Holding.
18:01 of 2nd period - Alexander Wennberg wins face-off versus Mika Zibanejad in Devils zone.
19:12 of 2nd period - Icing by William Nylander.
19:13 of 2nd period - Sam Reinhart wins face-off versus Robert Thomas in Flyers zone.
19:42 of 2nd period - Shot by William Nylander.
19:42 of 2nd period - Stopped by Andrei Vasilevskiy without a rebound.
19:43 of 2nd period - Mika Zibanejad wins face-off versus Alexander Wennberg in Devils zone.
19:44 of 2nd period - Shot by Aaron Ekblad.
19:44 of 2nd period - Shot Misses the Net.
19:46 of 2nd period - Shot by Jared McCann.
19:46 of 2nd period - Shot Misses the Net.
19:48 of 2nd period - Shot by Alex Pietrangelo.
19:48 of 2nd period - Shot Blocked by Damon Severson.
19:50 of 2nd period - Shot by Mika Zibanejad.
19:50 of 2nd period - Shot Misses the Net.
19:52 of 2nd period - Shot by Aaron Ekblad.
19:52 of 2nd period - Shot Misses the Net.
Goals for this period are 0 for Devils vs 1 for Flyers.
Shots for this period are 4 for Devils vs 12 for Flyers.

3rd period


0:01 of 3rd period - Evgeni Malkin wins face-off versus Mika Zibanejad in neutral zone.
0:08 of 3rd period - Alex Pietrangelo is hit by Dougie Hamilton and loses puck.
0:14 of 3rd period - Johnny Gaudreau is hit by Ryan Graves and loses puck.
0:16 of 3rd period - Minor Penalty to Dougie Hamilton for Holding.
0:17 of 3rd period - Alexander Wennberg wins face-off versus Robert Thomas in Devils zone.
0:28 of 3rd period - Shot by William Nylander.
0:28 of 3rd period - Shot Blocked by Erik Gustafsson.
1:30 of 3rd period - Shot by Jared McCann.
1:30 of 3rd period - Goal by Jared McCann - Devils : 0 - Flyers : 3.
1:31 of 3rd period - Sam Reinhart wins face-off versus Eetu Luostarinen in neutral zone.
1:36 of 3rd period - Shot by Dylan Cozens.
1:36 of 3rd period - Stopped by Linus Ullmark without a rebound.
1:37 of 3rd period - Eetu Luostarinen wins face-off versus Sam Reinhart in Flyers zone.
2:57 of 3rd period - Icing by Ryan Graves.
2:58 of 3rd period - Mika Zibanejad wins face-off versus Alexander Wennberg in Devils zone.
3:21 of 3rd period - Shot by Dougie Hamilton.
3:21 of 3rd period - Shot Misses the Net.
4:35 of 3rd period - Shot by Robert Thomas.
4:35 of 3rd period - Shot Misses the Net.
4:37 of 3rd period - Shot by Aaron Ekblad.
4:37 of 3rd period - Shot Misses the Net.
4:39 of 3rd period - Shot by Jake DeBrusk.
4:39 of 3rd period - Stopped by Andrei Vasilevskiy with a rebound.
4:41 of 3rd period - Shot by Chris Tanev.
4:41 of 3rd period - Goal by Chris Tanev - Devils : 0 - Flyers : 4.
4:42 of 3rd period - Calle Jarnkrok wins face-off versus Michael McCarron in neutral zone.
4:53 of 3rd period - Shot by Brandon Tanev.
4:53 of 3rd period - Stopped by Andrei Vasilevskiy without a rebound.
4:54 of 3rd period - Eetu Luostarinen wins face-off versus Alexander Wennberg in Devils zone.
5:01 of 3rd period - Shot by Dante Fabbro.
5:01 of 3rd period - Deflect By Sam Lafferty.
5:01 of 3rd period - Shot Blocked by Mikhail Sergachev.
5:32 of 3rd period - Off-side.
5:33 of 3rd period - Dylan Cozens wins face-off versus Robert Thomas in neutral zone.
5:52 of 3rd period - Shot by Chris Kreider.
5:52 of 3rd period - Shot Blocked by Victor Hedman.
5:54 of 3rd period - Shot by Chris Kreider.
5:54 of 3rd period - Shot Blocked by Victor Hedman.
5:56 of 3rd period - Shot by Chris Kreider.
5:56 of 3rd period - Shot Misses the Net.
6:00 of 3rd period - Shot by Sam Reinhart.
6:00 of 3rd period - Shot Blocked by Alex Pietrangelo.
6:50 of 3rd period - Shot by William Nylander.
6:50 of 3rd period - Shot Misses the Net.
6:52 of 3rd period - Shot by William Nylander.
6:52 of 3rd period - Stopped by Andrei Vasilevskiy with a rebound.
6:54 of 3rd period - Shot by Mika Zibanejad.
6:54 of 3rd period - Shot Misses the Net.
7:04 of 3rd period - Shot by Mika Zibanejad.
7:04 of 3rd period - Stopped by Andrei Vasilevskiy without a rebound.
7:05 of 3rd period - Calle Jarnkrok wins face-off versus Alexander Wennberg in Devils zone.
7:24 of 3rd period - Travis Konecny is hit by Alex Pietrangelo and loses puck.
7:30 of 3rd period - Off-side.
7:31 of 3rd period - Robert Thomas wins face-off versus Evgeni Malkin in neutral zone.
7:43 of 3rd period - Mathieu Joseph is hit by Aaron Ekblad and loses puck.
7:52 of 3rd period - Shot by Matt Boldy.
7:52 of 3rd period - Stopped by Linus Ullmark with a rebound.
8:01 of 3rd period - Aaron Ekblad is hit by Erik Gustafsson and loses puck.
8:55 of 3rd period - Travis Konecny is hit by Victor Hedman and loses puck.
10:21 of 3rd period - Icing by Chris Tanev.
10:22 of 3rd period - Calle Jarnkrok wins face-off versus Matt Boldy in Flyers zone.
10:22 of 3rd period - Calle Jarnkrok is hit by Mathieu Joseph.
10:33 of 3rd period - Shot by Evgeni Malkin.
10:33 of 3rd period - Shot Misses the Net.
10:35 of 3rd period - Shot by Brian Dumoulin.
10:35 of 3rd period - Shot Misses the Net.
10:39 of 3rd period - Shot by Evgeni Malkin.
10:39 of 3rd period - Stopped by Linus Ullmark without a rebound.
10:40 of 3rd period - Mika Zibanejad wins face-off versus Michael McCarron in Flyers zone.
11:16 of 3rd period - Michael McCarron is hit by Johnny Gaudreau and loses puck.
12:40 of 3rd period - Shot by Travis Konecny.
12:40 of 3rd period - Stopped by Linus Ullmark without a rebound.
12:41 of 3rd period - Sam Lafferty wins face-off versus Travis Konecny in Flyers zone.
12:46 of 3rd period - Shot by Eetu Luostarinen.
12:46 of 3rd period - Shot Misses the Net.
12:48 of 3rd period - Shot by Eetu Luostarinen.
12:48 of 3rd period - Shot Misses the Net.
12:50 of 3rd period - Shot by Eric Staal.
12:50 of 3rd period - Shot Misses the Net.
13:37 of 3rd period - Icing by Alex Pietrangelo.
13:38 of 3rd period - Calle Jarnkrok wins face-off versus Sam Reinhart in Flyers zone.
13:43 of 3rd period - Shot by Chris Kreider.
13:43 of 3rd period - Stopped by Linus Ullmark without a rebound.
13:44 of 3rd period - Mika Zibanejad wins face-off versus Evgeni Malkin in Flyers zone.
14:02 of 3rd period - Icing by William Nylander.
14:03 of 3rd period - Sam Reinhart wins face-off versus Mika Zibanejad in Flyers zone.
14:20 of 3rd period - Shot by Sam Reinhart.
14:20 of 3rd period - Shot Blocked by Alex Pietrangelo.
14:36 of 3rd period - Shot by Chris Kreider.
14:36 of 3rd period - Stopped by Linus Ullmark with a rebound.
14:48 of 3rd period - Shot by Chris Kreider.
14:48 of 3rd period - Stopped by Linus Ullmark without a rebound.
14:49 of 3rd period - Evgeni Malkin wins face-off versus Robert Thomas in Flyers zone.
15:00 of 3rd period - Shot by Matt Boldy.
15:00 of 3rd period - Shot Blocked by Jake DeBrusk.
15:10 of 3rd period - Erik Gustafsson is hit by Jared McCann and loses puck.
15:37 of 3rd period - Brian Dumoulin is hit by Dante Fabbro and loses puck.
17:39 of 3rd period - Shot by William Nylander.
17:39 of 3rd period - Stopped by Andrei Vasilevskiy without a rebound.
17:40 of 3rd period - Eetu Luostarinen wins face-off versus Evgeni Malkin in Devils zone.
17:40 of 3rd period - Eetu Luostarinen is hit by Erik Gustafsson.
17:54 of 3rd period - Shot by Eric Staal.
17:54 of 3rd period - Shot Misses the Net.
18:00 of 3rd period - Shot by Evgeni Malkin.
18:00 of 3rd period - Stopped by Linus Ullmark without a rebound.
18:01 of 3rd period - Mika Zibanejad wins face-off versus Michael McCarron in Flyers zone.
19:11 of 3rd period - Icing by Robert Thomas.
19:12 of 3rd period - Robert Thomas wins face-off versus Sam Reinhart in Flyers zone.
Goals for this period are 0 for Devils vs 2 for Flyers.
Shots for this period are 8 for Devils vs 7 for Flyers.